Map: Radhuset Station LE

Players

A.I. 1 (Very Easy) - Winner!

  • Race: Zerg Zerg
  • Spawn Location: 1:00

sØren

  • Race: Protoss Protoss
  • League: Diamond
  • Spawn Location: 7:00

VOD

https://streamable.com/?signedup=true&signup_src=landing

Description

Time

  • Played on: Feb. 24, 2024, 11:51 p.m.
  • Length: 3:26
Show
View Real Time Build Order
Export as new Build Order

A.I. 1 (Very Easy) Zerg - Winner!

Build Orders: Pool Only 

Get SALT Encoding   

  12  0:01  Drone  
  13  0:12  Overlord  
  13  0:17  Drone  
  14  0:36  Spawning Pool  
  14  0:38  Extractor  
  14  0:40  Drone  
  13  0:47  Drone  
  14  0:53  Overlord  
  14  1:23  Zergling x2  
  14  1:24  Queen  
  17  1:31  Roach Warren  
  16  1:35  Drone  
  16  1:39  Extractor  
  16  1:43  Drone  
  17  1:51  Zergling x2  
  18  2:03  Drone  
  19  2:10  Drone  
  20  2:18  Drone  
  20  2:19  Zergling x2  
  22  2:29  Overlord  
  22  2:32  Drone  
  23  2:39  Drone  
  24  2:47  Drone, Roach  
Show
View Real Time Build Order
Export as new Build Order

sØren Protoss 

Build Orders: 1 Gate Expand 

Get SALT Encoding   

  12  0:00  Probe  
  13  0:12  Probe  
  14  0:24  Pylon  
  14  0:26  Probe  
  15  0:42  Probe (Chrono Boost)  
  16  0:43  Gateway  
  16  0:48  Assimilator  
  16  0:53  Probe (Chrono Boost)  
  17  0:59  Probe (Chrono Boost)  
  18  1:11  Assimilator  
  18  1:13  Probe (Chrono Boost)  
  19  1:19  Probe (Chrono Boost)  
  20  1:28  Probe  
  21  1:37  Nexus  
  21  1:48  Cybernetics Core  
  21  1:53  Probe  
  22  1:59  Pylon  
  22  2:05  Probe  
  23  2:20  Probe  
  24  2:24  Adept (Chrono Boost)  
  24  2:25  Stargate  
  26  2:32  Probe  
  26  2:34  Shield Battery  
  27  2:45  Probe  
  27  2:51  Probe (Chrono Boost)  
  32  3:01  Probe (Chrono Boost)  
  32  3:03  Probe (Chrono Boost)  
  33  3:11  Probe x2 (Chrono Boost)  
  37  3:16  Pylon  
Tags
 
Add a new tag
Caveats
  • Supply blocks, unpowered buildings, or Contaminate may cause inaccurate times.
  • Supply counts are checked every 10 seconds.